WCHLSIM.com - West Coast Hockey League
html PUBLIC "-//W3C//DTD XHTML 1.0 Transitional//EN" "http://www.w3.org/TR/xhtml1/DTD/xhtml1-transitional.dtd"> WCHL - Game 271 - SACRAMENTO BANDITS vs CALGARY FIREMEN

SACRAMENTO BANDITS vs CALGARY FIREMEN

Created - 19 novembre 2022 at 21:01

Goals
1 2 3 T
SACRAMENTO BANDITS 2 2 1 5
CALGARY FIREMEN 0 1 1 2
Shots
1 2 3 T
SACRAMENTO BANDITS 15 14 19 48
CALGARY FIREMEN 2 10 7 19

1st period

1. SACRAMENTO BANDITS , Aleksander Barkov 6 (Alexander DeBrincat 4, John Carlson 9) at 0:26
2. SACRAMENTO BANDITS , Alexander DeBrincat 6 (Aleksander Barkov 6, Brent Burns 8) at 9:17

Penalties :
Alexander DeBrincat (SAC) for Hooking (Minor) at 13:38

2nd period

3. CALGARY FIREMEN , Ryan Johansen 4 (Filip Forsberg 15, Gustav Forsling 8) at 0:49
4. SACRAMENTO BANDITS , Aleksander Barkov 7 (John Carlson 10, Alexander DeBrincat 5) at 5:00
5. SACRAMENTO BANDITS , Jonathan Huberdeau 5 (Phil Kessel 4) at 19:57

Penalties :
Zdeno Chara (SAC) for Delaying the game (Minor) at 1:02, Brent Burns (SAC) for Roughing (Minor) at 6:30

3rd period

6. SACRAMENTO BANDITS , Jonathan Huberdeau 6 (Patrice Bergeron 13, Phil Kessel 5) at 3:01
7. CALGARY FIREMEN , Andreas Athanasiou 6 (Adam Henrique 9, Sonny Milano 6) at 15:14

Penalties :
No Penalty

Goalie Stats

Andrei Vasilevskiy (SAC), 17 saves from 19 shots - (0,895), W, 6-6-1, 60:00 minutes
Carey Price (CGY), 26 saves from 31 shots - (0,839), L, 3-2-0, 43:01 minutes
Vitek Vanecek (CGY), 17 saves from 17 shots - (1,000), 16:59 minutes

Players Stats for SACRAMENTO BANDITS

Player Name              G  A  P  +/- PIM S  H  SB GA TA FO     MP     PP MP  PK MP  
------------------------------------------------------------------------------------
Aleksander Barkov        2  1  3   1  0   12 0  0  0  0  18/26  23:24   0:00   0:00 
Alexander DeBrincat      1  2  3   1  2   4  0  1  0  0  3/5    21:45   0:00   2:13 
Brent Burns              0  1  1   2  2   0  0  2  0  0  0/0    24:35   0:00   1:59 
Cal Clutterbuck          0  0  0   0  0   1  0  0  0  0  0/0     3:51   0:00   0:00 
Carter Verhaeghe         0  0  0   0  0   7  0  1  0  0  0/1    13:29   0:00   0:30 
Colton Sissons           0  0  0   0  0   2  0  0  0  0  0/0    14:03   0:00   1:04 
Janis Moser              0  0  0   0  0   0  0  0  0  0  0/0     0:03   0:00   0:03 
John Carlson             0  2  2   2  0   2  2  1  0  0  0/0    25:44   0:00   3:07 
Jonathan Huberdeau       2  0  2   2  0   9  2  0  0  0  0/2    21:12   0:00   3:32 
Max Pacioretty           0  0  0   1  0   3  3  0  0  0  2/3    21:28   0:00   1:55 
Mikhail Sergachev        0  0  0   0  0   1  0  2  0  0  0/0    20:36   0:00   3:03 
Nicolas Aube-Kubel       0  0  0   0  0   0  1  0  0  0  4/16   12:59   0:00   0:00 
Niko Mikkola             0  0  0   1  0   0  1  0  0  0  0/0    15:49   0:00   1:56 
Patrice Bergeron         0  1  1   2  0   6  1  0  0  0  12/19  20:20   0:00   2:40 
Phil Kessel              0  2  2   2  0   0  1  0  0  0  1/1    17:40   0:00   0:00 
Ryan Lomberg             0  0  0   0  0   0  0  0  0  0  0/0     3:51   0:00   0:00 
Trevor van Riemsdyk      0  0  0   1  0   1  0  4  0  0  0/0    13:53   0:00   0:00 
Zdeno Chara              0  0  0   0  2   0  0  0  0  0  0/0    19:18   0:00   1:46 

Players Stats for CALGARY FIREMEN

Player Name              G  A  P  +/- PIM S  H  SB GA TA FO     MP     PP MP  PK MP  
------------------------------------------------------------------------------------
Adam Henrique            0  1  1   1  0   2  0  0  0  0  9/19   20:41   3:20   0:00 
Alex Goligoski           0  0  0  -1  0   0  0  1  0  0  0/0    18:31   3:20   0:00 
Andreas Athanasiou       1  0  1   1  0   2  0  0  0  0  0/1    19:02   2:37   0:00 
Brett Howden             0  0  0  -2  0   0  0  0  0  0  4/7     7:17   0:00   0:00 
Filip Forsberg           0  1  1  -2  0   2  0  0  0  0  0/2    19:16   2:37   0:00 
Gustav Forsling          0  1  1  -3  0   1  2  4  0  0  0/0    24:44   2:37   0:00 
Jack Drury               0  0  0   0  0   2  1  0  0  0  9/15   13:42   0:00   0:00 
Jake McCabe              0  0  0  -2  0   0  2  1  0  0  0/0    20:23   3:20   0:00 
Jakob Silfverberg        0  0  0  -2  0   4  0  0  0  0  1/1    19:59   3:20   0:00 
Justin Braun             0  0  0   1  0   0  1  2  0  0  0/0    15:49   0:00   0:00 
Marc-Edouard Vlasic      0  0  0   1  0   1  0  1  0  0  0/0    15:49   0:00   0:00 
Mattias Janmark-Nylen    0  0  0   0  0   0  0  0  0  0  0/2    13:42   0:00   0:00 
Oskar Lindblom           0  0  0  -2  0   0  0  1  0  0  0/0     7:17   0:00   0:00 
Ryan Johansen            1  0  1  -2  0   3  1  0  0  0  9/22   19:16   2:37   0:00 
Sam Gagner               0  0  0   0  0   1  0  0  0  0  0/0    13:42   0:00   0:00 
Shayne Gostisbehere      0  0  0  -2  0   0  1  0  0  0  0/0    23:48   2:37   0:00 
Sonny Milano             0  1  1   1  0   1  1  0  0  0  1/4    19:45   3:20   0:00 
Yakov Trenin             0  0  0  -2  0   0  0  0  0  0  0/0     7:17   0:00   0:00 

3 Stars

1 - Jonathan Huberdeau (SAC)
2 - Aleksander Barkov (SAC)
3 - Alexander DeBrincat (SAC)

Power Play

SACRAMENTO BANDITS - 0 on 0 Attempt(s) - 0,00%
CALGARY FIREMEN - 0 on 3 Attempt(s) - 0,00%

Penalty Kill

SACRAMENTO BANDITS - 3 on 3 Attempt(s) - 100,00% - Score 0 goal in Penalty Kill
CALGARY FIREMEN - 0 on 0 Attempt(s) - 0,00% - Score 0 goal in Penalty Kill

Team Stat

SACRAMENTO BANDITS - Hits : 11 - Faceoff Wins : 40 - Blocked Shots : 11 - Penalty Minutes : 6
CALGARY FIREMEN - Hits : 9 - Faceoff Wins : 33 - Blocked Shots : 10 - Penalty Minutes : 0

Official

Referees : Kendrick Nicholson and Dan O'Rourke
Linesman : Travis Gawryletz and David Brisebois

Game Notes

Vitek Vanecek enters game at 3:01 of 3rd period

Finance

Level 1 -- Attendance: 6000 (100,00%) -- Ticket Income 870 000 $
Level 2 -- Attendance: 5000 (100,00%) -- Ticket Income 550 000 $
Level 3 -- Attendance: 2619 (87,30%) -- Ticket Income 157 140 $
Level 4 -- Attendance: 4908 (98,16%) -- Ticket Income 289 572 $
Luxury Box -- Attendance: 1000 (100,00%) -- Ticket Income 290 000 $
Game was played at the Larouche Stadium.
Total Attendance: 19527 (97,64%)
Total Ticket Income: 2 156 712 $
Other Expense: 21 567 $
Total Income: 2 135 145 $

SACRAMENTO BANDITS

5 vs 5 Forward 
   Center                   Left Wing                Right Wing               Time % Phy DF OF 
 1 Aleksander Barkov        Max Pacioretty           Alexander DeBrincat      39     0   2  3  
 2 Patrice Bergeron         Jonathan Huberdeau       Phil Kessel              31     0   2  3  
 3 Nicolas Aube-Kubel       Carter Verhaeghe         Colton Sissons           23     0   4  1  
 4 Aleksander Barkov        Ryan Lomberg             Cal Clutterbuck          7      1   4  0  

5 vs 5 Defense 
   Defense                  Defense                                           Time % Phy DF OF 
 1 John Carlson             Brent Burns                                       41     0   1  4  
 2 Mikhail Sergachev        Zdeno Chara                                       33     0   4  1  
 3 Trevor van Riemsdyk      Niko Mikkola                                      26     0   4  1  
 4 John Carlson             Brent Burns                                       0      1   2  2  

PowerPlay Forward 
   Center                   Left Wing                Right Wing               Time % Phy DF OF 
 1 Colton Sissons           Jonathan Huberdeau       Phil Kessel              55     0   0  5  
 2 Patrice Bergeron         Max Pacioretty           Alexander DeBrincat      45     0   0  5  

PowerPlay Defense
   Defense                  Defense                                           Time % Phy DF OF 
 1 John Carlson             Brent Burns                                       55     0   0  5  
 2 Mikhail Sergachev        Carter Verhaeghe                                  45     0   0  5  

Penalty Kill 4 Players Forward 
   Center                   Wing                     Time % Phy DF OF 
 1 Alexander DeBrincat      Jonathan Huberdeau       55     1   4  0  
 2 Patrice Bergeron         Max Pacioretty           45     1   4  0  

Penalty Kill 4 Players Defense
   Defense                  Defense                  Time % Phy DF OF 
 1 John Carlson             Brent Burns              55     1   4  0  
 2 Mikhail Sergachev        Zdeno Chara              45     1   4  0  

Penalty Kill - 3 Players Forward 
   Forward                                           Time % Phy DF OF 
 1 Jonathan Huberdeau                                55     1   4  0  
 2 Patrice Bergeron                                  45     1   4  0  

Penalty Kill - 3 Players Defense
   Defense                  Defense                  Time % Phy DF OF 
 1 John Carlson             Brent Burns              55     1   4  0  
 2 Mikhail Sergachev        Zdeno Chara              45     1   4  0  

4 vs 4 Forward 
   Center                   Wing                     Time % Phy DF OF 
 1 Jonathan Huberdeau       Alexander DeBrincat      55     1   2  2  
 2 Patrice Bergeron         Max Pacioretty           45     1   2  2  

4 vs 4 Defense
   Defense                  Defense                  Time % Phy DF OF 
 1 John Carlson             Brent Burns              55     1   2  2  
 2 Mikhail Sergachev        Zdeno Chara              45     1   2  2  

Last Minutes Offensive
   Center                   Left Wing                Right Wing               Defense                  Defense                  
   Patrice Bergeron         Jonathan Huberdeau       Alexander DeBrincat      John Carlson             Brent Burns              

Last Minutes Defensive
   Center                   Left Wing                Right Wing               Defense                  Defense                  
   Patrice Bergeron         Jonathan Huberdeau       Alexander DeBrincat      John Carlson             Brent Burns              

Goaltenders
Starting : Andrei Vasilevskiy       
Backup : Jaroslav Halak           

Extra Forwards
Normal : Patrice Bergeron, Carter Verhaeghe, Colton Sissons - PP : Patrice Bergeron, Carter Verhaeghe - PK : Colton Sissons
Extra Defensemen
Normal : Trevor van Riemsdyk, Niko Mikkola, Mikhail Sergachev - PP : Trevor van Riemsdyk - PK : Niko Mikkola, Mikhail Sergachev
Penalty Shots
Patrice Bergeron, Alexander DeBrincat, Jonathan Huberdeau, Max Pacioretty, Carter Verhaeghe
Custom OT Lines Forwards
Patrice Bergeron, Phil Kessel, Jonathan Huberdeau, Max Pacioretty, Aleksander Barkov, Alexander DeBrincat, Carter Verhaeghe, Ryan Lomberg, Colton Sissons, Cal Clutterbuck
Custom OT Lines Defensemen
John Carlson, Brent Burns, Mikhail Sergachev, Zdeno Chara, Trevor van Riemsdyk

Scratches
Ryan Getzlaf (Right Foot Injury)

CALGARY FIREMEN

5 vs 5 Forward 
   Center                   Left Wing                Right Wing               Time % Phy DF OF 
 1 Ryan Johansen            Jakob Silfverberg        Filip Forsberg           33     0   1  4  
 2 Adam Henrique            Sonny Milano             Andreas Athanasiou       32     0   2  3  
 3 Jack Drury               Mattias Janmark-Nylen    Sam Gagner               25     1   2  2  
 4 Brett Howden             Yakov Trenin             Oskar Lindblom           10     1   2  2  

5 vs 5 Defense 
   Defense                  Defense                                           Time % Phy DF OF 
 1 Gustav Forsling          Jake McCabe                                       33     1   1  3  
 2 Alex Goligoski           Shayne Gostisbehere                               32     1   1  3  
 3 Marc-Edouard Vlasic      Justin Braun                                      25     1   2  2  
 4 Gustav Forsling          Shayne Gostisbehere                               10     1   3  1  

PowerPlay Forward 
   Center                   Left Wing                Right Wing               Time % Phy DF OF 
 1 Ryan Johansen            Filip Forsberg           Andreas Athanasiou       50     0   0  5  
 2 Adam Henrique            Sonny Milano             Jakob Silfverberg        50     0   0  5  

PowerPlay Defense
   Defense                  Defense                                           Time % Phy DF OF 
 1 Gustav Forsling          Shayne Gostisbehere                               50     1   1  3  
 2 Alex Goligoski           Jake McCabe                                       50     1   1  3  

Penalty Kill 4 Players Forward 
   Center                   Wing                     Time % Phy DF OF 
 1 Jack Drury               Jakob Silfverberg        50     0   5  0  
 2 Brett Howden             Yakov Trenin             50     0   5  0  

Penalty Kill 4 Players Defense
   Defense                  Defense                  Time % Phy DF OF 
 1 Marc-Edouard Vlasic      Justin Braun             70     1   4  0  
 2 Alex Goligoski           Jake McCabe              30     1   4  0  

Penalty Kill - 3 Players Forward 
   Forward                                           Time % Phy DF OF 
 1 Jakob Silfverberg                                 50     0   5  0  
 2 Sam Gagner                                        50     0   5  0  

Penalty Kill - 3 Players Defense
   Defense                  Defense                  Time % Phy DF OF 
 1 Marc-Edouard Vlasic      Justin Braun             50     0   5  0  
 2 Alex Goligoski           Jake McCabe              50     0   5  0  

4 vs 4 Forward 
   Center                   Wing                     Time % Phy DF OF 
 1 Ryan Johansen            Filip Forsberg           50     1   1  3  
 2 Adam Henrique            Sonny Milano             50     1   1  3  

4 vs 4 Defense
   Defense                  Defense                  Time % Phy DF OF 
 1 Gustav Forsling          Shayne Gostisbehere      50     1   1  3  
 2 Alex Goligoski           Jake McCabe              50     1   1  3  

Last Minutes Offensive
   Center                   Left Wing                Right Wing               Defense                  Defense                  
   Ryan Johansen            Adam Henrique            Filip Forsberg           Gustav Forsling          Shayne Gostisbehere      

Last Minutes Defensive
   Center                   Left Wing                Right Wing               Defense                  Defense                  
   Adam Henrique            Filip Forsberg           Jakob Silfverberg        Gustav Forsling          Alex Goligoski           

Goaltenders
Starting : Carey Price              
Backup : Vitek Vanecek            

Extra Forwards
Normal : Brett Howden, Sonny Milano, Oskar Lindblom - PP : Brett Howden, Sonny Milano - PK : Oskar Lindblom
Extra Defensemen
Normal : Marc-Edouard Vlasic, Justin Braun, Alex Goligoski - PP : Marc-Edouard Vlasic - PK : Justin Braun, Alex Goligoski
Penalty Shots
Filip Forsberg, Ryan Johansen, Adam Henrique, Sonny Milano, Andreas Athanasiou
Custom OT Lines Forwards
Filip Forsberg, Ryan Johansen, Adam Henrique, Andreas Athanasiou, Jakob Silfverberg, Sonny Milano, Sam Gagner, Oskar Lindblom, Yakov Trenin, Jack Drury
Custom OT Lines Defensemen
Gustav Forsling, Shayne Gostisbehere, Alex Goligoski, Jake McCabe, Marc-Edouard Vlasic

Scratches
Gustav Lindstrom (Healthy)

% Time on Ice - SACRAMENTO BANDITS

Lines # - Real PCT - Wanted PCT - Time Play
Normal Forward
1 - 36% - 39% - 19:33
2 - 33% - 31% - 17:40
3 - 24% - 23% - 12:59
4 - 7% - 7% - 3:51
Normal Defense
1 - 42% - 41% - 22:37
2 - 32% - 33% - 17:33
3 - 26% - 26% - 13:53
4 - 0% - 0% - 0:00
PP Forward
1 - 0% - 55%
2 - 0% - 45%
PP Defense
1 - 0% - 55%
2 - 0% - 45%
PK Forward
1 - 68% - 55% - 4:02
2 - 32% - 45% - 1:55
PK Defense
1 - 53% - 55% - 3:10
2 - 47% - 45% - 2:47
PK3 Forward
1 - 0% - 55%
2 - 0% - 45%
PK3 Defense
1 - 0% - 55%
2 - 0% - 45%
44 Forward
1 - 0% - 55%
2 - 0% - 45%
44 Defense
1 - 0% - 55%
2 - 0% - 45%
Last Minute Offensive  - 0:00
Last Minute Defensive  - 0:00
Total
Forward - 60:00
Defense - 60:00

% Time on Ice - CALGARY FIREMEN

Lines # - Real PCT - Wanted PCT - Time Play
Normal Forward
1 - 31% - 33% - 16:39
2 - 30% - 32% - 16:25
3 - 25% - 25% - 13:42
4 - 13% - 10% - 7:17
Normal Defense
1 - 32% - 33% - 17:03
2 - 30% - 32% - 16:07
3 - 29% - 25% - 15:49
4 - 9% - 10% - 5:04
PP Forward
1 - 44% - 50% - 2:37
2 - 56% - 50% - 3:20
PP Defense
1 - 44% - 50% - 2:37
2 - 56% - 50% - 3:20
PK Forward
1 - 0% - 50%
2 - 0% - 50%
PK Defense
1 - 0% - 70%
2 - 0% - 30%
PK3 Forward
1 - 0% - 50%
2 - 0% - 50%
PK3 Defense
1 - 0% - 50%
2 - 0% - 50%
44 Forward
1 - 0% - 50%
2 - 0% - 50%
44 Defense
1 - 0% - 50%
2 - 0% - 50%
Last Minute Offensive  - 0:00
Last Minute Defensive  - 0:00
Total
Forward - 60:00
Defense - 60:00

Play-by-Play

1st period


0:01 of 1st period - Ryan Johansen wins face-off versus Aleksander Barkov in neutral zone.
0:26 of 1st period - Shot by Aleksander Barkov.
0:26 of 1st period - Goal by Aleksander Barkov - SACRAMENTO BANDITS : 1 - CALGARY FIREMEN : 0.
0:27 of 1st period - Adam Henrique wins face-off versus Patrice Bergeron in neutral zone.
0:53 of 1st period - Shot by Phil Kessel.
0:53 of 1st period - Shot Misses the Net.
2:55 of 1st period - Shot by Aleksander Barkov.
2:55 of 1st period - Stopped by Carey Price with a rebound.
3:13 of 1st period - Shot by Max Pacioretty.
3:13 of 1st period - Shot Misses the Net.
4:02 of 1st period - Shot by Jonathan Huberdeau.
4:02 of 1st period - Shot Blocked by Gustav Forsling.
4:39 of 1st period - Shot by Aleksander Barkov.
4:39 of 1st period - Stopped by Carey Price with a rebound.
4:41 of 1st period - Shot by Cal Clutterbuck.
4:41 of 1st period - Stopped by Carey Price without a rebound.
4:42 of 1st period - Nicolas Aube-Kubel wins face-off versus Sonny Milano in CALGARY FIREMEN zone.
5:19 of 1st period - Shot by Adam Henrique.
5:19 of 1st period - Shot Blocked by Trevor van Riemsdyk.
5:55 of 1st period - Shot by Patrice Bergeron.
5:55 of 1st period - Shot Misses the Net.
5:57 of 1st period - Shot by Patrice Bergeron.
5:57 of 1st period - Stopped by Carey Price without a rebound.
5:58 of 1st period - Brett Howden wins face-off versus Aleksander Barkov in CALGARY FIREMEN zone.
6:19 of 1st period - Shot by Oskar Lindblom.
6:19 of 1st period - Shot Misses the Net.
8:03 of 1st period - Icing by Carter Verhaeghe.
8:04 of 1st period - Brett Howden wins face-off versus Nicolas Aube-Kubel in SACRAMENTO BANDITS zone.
8:11 of 1st period - Shot by Yakov Trenin.
8:11 of 1st period - Shot Blocked by Trevor van Riemsdyk.
8:37 of 1st period - Shot by Carter Verhaeghe.
8:37 of 1st period - Shot Blocked by Gustav Forsling.
8:55 of 1st period - Shot by Alexander DeBrincat.
8:55 of 1st period - Shot Misses the Net.
9:05 of 1st period - Shot by Alexander DeBrincat.
9:05 of 1st period - Shot Misses the Net.
9:11 of 1st period - Shot by Max Pacioretty.
9:11 of 1st period - Deflect By Alexander DeBrincat.
9:11 of 1st period - Shot Blocked by Gustav Forsling.
9:15 of 1st period - Shot by Aleksander Barkov.
9:15 of 1st period - Stopped by Carey Price with a rebound.
9:17 of 1st period - Shot by Alexander DeBrincat.
9:17 of 1st period - Goal by Alexander DeBrincat - SACRAMENTO BANDITS : 2 - CALGARY FIREMEN : 0.
9:18 of 1st period - Patrice Bergeron wins face-off versus Mattias Janmark-Nylen in neutral zone.
9:18 of 1st period - Patrice Bergeron is hit by Jack Drury.
9:38 of 1st period - Shot by Jack Drury.
9:38 of 1st period - Stopped by Andrei Vasilevskiy without a rebound.
9:39 of 1st period - Aleksander Barkov wins face-off versus Ryan Johansen in SACRAMENTO BANDITS zone.
9:39 of 1st period - Aleksander Barkov is hit by Ryan Johansen.
10:03 of 1st period - Shot by Aleksander Barkov.
10:03 of 1st period - Stopped by Carey Price with a rebound.
10:05 of 1st period - Shot by John Carlson.
10:05 of 1st period - Shot Misses the Net.
10:07 of 1st period - Shot by Aleksander Barkov.
10:07 of 1st period - Stopped by Carey Price without a rebound.
10:08 of 1st period - Adam Henrique wins face-off versus Patrice Bergeron in CALGARY FIREMEN zone.
10:31 of 1st period - Shot by Jonathan Huberdeau.
10:31 of 1st period - Shot Misses the Net.
10:45 of 1st period - Shot by Patrice Bergeron.
10:45 of 1st period - Shot Blocked by Justin Braun.
10:53 of 1st period - Shot by Jonathan Huberdeau.
10:53 of 1st period - Shot Misses the Net.
10:55 of 1st period - Shot by Patrice Bergeron.
10:55 of 1st period - The goal is going for a video replay.
10:55 of 1st period - The goal is refused.
10:56 of 1st period - Aleksander Barkov wins face-off versus Jack Drury in CALGARY FIREMEN zone.
11:03 of 1st period - Shot by Max Pacioretty.
11:03 of 1st period - Stopped by Carey Price without a rebound.
11:04 of 1st period - Jack Drury wins face-off versus Max Pacioretty in CALGARY FIREMEN zone.
13:01 of 1st period - Shot by Sonny Milano.
13:01 of 1st period - Shot Misses the Net.
13:04 of 1st period - Icing by Patrice Bergeron.
13:05 of 1st period - Patrice Bergeron wins face-off versus Ryan Johansen in SACRAMENTO BANDITS zone.
13:35 of 1st period - Shot by Jonathan Huberdeau.
13:35 of 1st period - Stopped by Carey Price without a rebound.
13:36 of 1st period - Max Pacioretty wins face-off versus Adam Henrique in CALGARY FIREMEN zone.
13:38 of 1st period - Minor Penalty to Alexander DeBrincat for Hooking.
13:39 of 1st period - Adam Henrique wins face-off versus Jonathan Huberdeau in SACRAMENTO BANDITS zone.
13:54 of 1st period - Shot by Adam Henrique.
13:54 of 1st period - Shot Blocked by Brent Burns.
15:10 of 1st period - Shot by Ryan Johansen.
15:10 of 1st period - Stopped by Andrei Vasilevskiy without a rebound.
15:11 of 1st period - Patrice Bergeron wins face-off versus Adam Henrique in SACRAMENTO BANDITS zone.
15:34 of 1st period - Alex Goligoski is hit by Jonathan Huberdeau and loses puck.
16:10 of 1st period - Shot by Justin Braun.
16:10 of 1st period - Shot Blocked by Trevor van Riemsdyk.
16:31 of 1st period - Alexander DeBrincat is hit by Gustav Forsling and loses puck.
17:00 of 1st period - Shot by Carter Verhaeghe.
17:00 of 1st period - Shot Misses the Net.
17:02 of 1st period - Shot by Carter Verhaeghe.
17:02 of 1st period - Shot Misses the Net.
18:02 of 1st period - Icing by Patrice Bergeron.
18:03 of 1st period - Sonny Milano wins face-off versus Jonathan Huberdeau in SACRAMENTO BANDITS zone.
18:20 of 1st period - Shot by Patrice Bergeron.
18:20 of 1st period - Stopped by Carey Price without a rebound.
18:21 of 1st period - Aleksander Barkov wins face-off versus Ryan Johansen in CALGARY FIREMEN zone.
18:34 of 1st period - Shot by Filip Forsberg.
18:34 of 1st period - Shot Blocked by John Carlson.
19:33 of 1st period - Shot by Carter Verhaeghe.
19:33 of 1st period - Stopped by Carey Price without a rebound.
19:34 of 1st period - Patrice Bergeron wins face-off versus Jack Drury in CALGARY FIREMEN zone.
19:53 of 1st period - Shot by Jonathan Huberdeau.
19:53 of 1st period - Stopped by Carey Price without a rebound.
19:54 of 1st period - Ryan Johansen wins face-off versus Nicolas Aube-Kubel in CALGARY FIREMEN zone.
Goals for this period are 2 for SACRAMENTO BANDITS vs 0 for CALGARY FIREMEN.
Shots for this period are 15 for SACRAMENTO BANDITS vs 2 for CALGARY FIREMEN.

2nd period


0:01 of 2nd period - Max Pacioretty wins face-off versus Andreas Athanasiou in neutral zone.
0:24 of 2nd period - Shot by Aleksander Barkov.
0:24 of 2nd period - Stopped by Carey Price without a rebound.
0:25 of 2nd period - Ryan Johansen wins face-off versus Patrice Bergeron in CALGARY FIREMEN zone.
0:25 of 2nd period - Ryan Johansen is hit by Jonathan Huberdeau.
0:33 of 2nd period - Shot by Jakob Silfverberg.
0:33 of 2nd period - Stopped by Andrei Vasilevskiy without a rebound.
0:34 of 2nd period - Ryan Johansen wins face-off versus Aleksander Barkov in SACRAMENTO BANDITS zone.
0:39 of 2nd period - Shot by Filip Forsberg.
0:39 of 2nd period - Stopped by Andrei Vasilevskiy with a rebound.
0:41 of 2nd period - Shot by Gustav Forsling.
0:41 of 2nd period - Shot Blocked by Brent Burns.
0:49 of 2nd period - Shot by Ryan Johansen.
0:49 of 2nd period - Goal by Ryan Johansen - SACRAMENTO BANDITS : 2 - CALGARY FIREMEN : 1.
0:50 of 2nd period - Adam Henrique wins face-off versus Nicolas Aube-Kubel in neutral zone.
1:02 of 2nd period - Minor Penalty to Zdeno Chara for Delaying the game.
1:03 of 2nd period - Alexander DeBrincat wins face-off versus Ryan Johansen in SACRAMENTO BANDITS zone.
1:09 of 2nd period - Icing by Shayne Gostisbehere.
1:10 of 2nd period - Alexander DeBrincat wins face-off versus Ryan Johansen in CALGARY FIREMEN zone.
1:23 of 2nd period - Shot by Ryan Johansen.
1:23 of 2nd period - Shot Blocked by Alexander DeBrincat.
2:15 of 2nd period - Shot by Sonny Milano.
2:15 of 2nd period - Stopped by Andrei Vasilevskiy without a rebound.
2:16 of 2nd period - Adam Henrique wins face-off versus Patrice Bergeron in SACRAMENTO BANDITS zone.
2:30 of 2nd period - Off-side.
2:31 of 2nd period - Patrice Bergeron wins face-off versus Adam Henrique in neutral zone.
3:35 of 2nd period - Shot by Sam Gagner.
3:35 of 2nd period - Stopped by Andrei Vasilevskiy without a rebound.
3:36 of 2nd period - Patrice Bergeron wins face-off versus Brett Howden in SACRAMENTO BANDITS zone.
4:10 of 2nd period - Shot by Jonathan Huberdeau.
4:10 of 2nd period - Stopped by Carey Price with a rebound.
4:12 of 2nd period - Shot by Zdeno Chara.
4:12 of 2nd period - Shot Misses the Net.
4:14 of 2nd period - Shot by Patrice Bergeron.
4:14 of 2nd period - Shot Misses the Net.
4:16 of 2nd period - Shot by Jonathan Huberdeau.
4:16 of 2nd period - Stopped by Carey Price with a rebound.
4:55 of 2nd period - Aleksander Barkov is hit by Gustav Forsling and loses puck.
5:00 of 2nd period - Shot by Aleksander Barkov.
5:00 of 2nd period - Goal by Aleksander Barkov - SACRAMENTO BANDITS : 3 - CALGARY FIREMEN : 1.
5:01 of 2nd period - Nicolas Aube-Kubel wins face-off versus Adam Henrique in neutral zone.
5:40 of 2nd period - Shot by Carter Verhaeghe.
5:40 of 2nd period - Stopped by Carey Price without a rebound.
5:41 of 2nd period - Aleksander Barkov wins face-off versus Filip Forsberg in CALGARY FIREMEN zone.
5:54 of 2nd period - Shot by John Carlson.
5:54 of 2nd period - Stopped by Carey Price without a rebound.
5:55 of 2nd period - Patrice Bergeron wins face-off versus Jack Drury in CALGARY FIREMEN zone.
5:58 of 2nd period - Shot by Jonathan Huberdeau.
5:58 of 2nd period - Stopped by Carey Price without a rebound.
5:59 of 2nd period - Aleksander Barkov wins face-off versus Ryan Johansen in CALGARY FIREMEN zone.
6:20 of 2nd period - Shot by Aleksander Barkov.
6:20 of 2nd period - Shot Blocked by Jake McCabe.
6:29 of 2nd period - Ryan Johansen is hit by John Carlson and loses puck.
6:30 of 2nd period - Minor Penalty to Brent Burns for Roughing.
6:31 of 2nd period - Adam Henrique wins face-off versus Alexander DeBrincat in SACRAMENTO BANDITS zone.
6:36 of 2nd period - Shot by Adam Henrique.
6:36 of 2nd period - Shot Blocked by Mikhail Sergachev.
8:31 of 2nd period - Off-side.
8:32 of 2nd period - Jack Drury wins face-off versus Nicolas Aube-Kubel in neutral zone.
8:36 of 2nd period - Mattias Janmark-Nylen is hit by Niko Mikkola and loses puck.
8:54 of 2nd period - Shot by Carter Verhaeghe.
8:54 of 2nd period - Stopped by Carey Price without a rebound.
8:55 of 2nd period - Aleksander Barkov wins face-off versus Brett Howden in CALGARY FIREMEN zone.
9:07 of 2nd period - Shot by Aleksander Barkov.
9:07 of 2nd period - Shot Blocked by Alex Goligoski.
9:56 of 2nd period - Shot by Adam Henrique.
9:56 of 2nd period - Stopped by Andrei Vasilevskiy with a rebound.
9:58 of 2nd period - Shot by Andreas Athanasiou.
9:58 of 2nd period - Stopped by Andrei Vasilevskiy without a rebound.
9:59 of 2nd period - Jakob Silfverberg wins face-off versus Nicolas Aube-Kubel in SACRAMENTO BANDITS zone.
10:12 of 2nd period - Shot by Jakob Silfverberg.
10:12 of 2nd period - Stopped by Andrei Vasilevskiy without a rebound.
10:13 of 2nd period - Patrice Bergeron wins face-off versus Adam Henrique in SACRAMENTO BANDITS zone.
10:39 of 2nd period - Jonathan Huberdeau is hit by Jake McCabe.
10:57 of 2nd period - Shot by Jonathan Huberdeau.
10:57 of 2nd period - Stopped by Carey Price with a rebound.
11:12 of 2nd period - Icing by Max Pacioretty.
11:13 of 2nd period - Aleksander Barkov wins face-off versus Ryan Johansen in SACRAMENTO BANDITS zone.
11:26 of 2nd period - Shot by Ryan Johansen.
11:26 of 2nd period - Stopped by Andrei Vasilevskiy without a rebound.
11:27 of 2nd period - Jack Drury wins face-off versus Nicolas Aube-Kubel in SACRAMENTO BANDITS zone.
11:32 of 2nd period - Shot by Mattias Janmark-Nylen.
11:32 of 2nd period - Shot Blocked by Carter Verhaeghe.
11:40 of 2nd period - Shot by Carter Verhaeghe.
11:40 of 2nd period - Shot Blocked by Justin Braun.
11:48 of 2nd period - Shot by Carter Verhaeghe.
11:48 of 2nd period - Shot Blocked by Marc-Edouard Vlasic.
11:54 of 2nd period - Shot by Carter Verhaeghe.
11:54 of 2nd period - Shot Misses the Net.
12:09 of 2nd period - Off-side.
12:10 of 2nd period - Aleksander Barkov wins face-off versus Ryan Johansen in neutral zone.
12:43 of 2nd period - Jakob Silfverberg is hit by John Carlson and loses puck.
13:11 of 2nd period - Icing by Brent Burns.
13:12 of 2nd period - Aleksander Barkov wins face-off versus Jack Drury in SACRAMENTO BANDITS zone.
14:14 of 2nd period - Icing by Gustav Forsling.
14:15 of 2nd period - Jack Drury wins face-off versus Nicolas Aube-Kubel in CALGARY FIREMEN zone.
14:55 of 2nd period - Shot by Carter Verhaeghe.
14:55 of 2nd period - Stopped by Carey Price with a rebound.
15:59 of 2nd period - Jonathan Huberdeau is hit by Sonny Milano and loses puck.
16:51 of 2nd period - Carter Verhaeghe is hit by Justin Braun and loses puck.
17:38 of 2nd period - Shot by Aleksander Barkov.
17:38 of 2nd period - Shot Misses the Net.
17:40 of 2nd period - Shot by Brent Burns.
17:40 of 2nd period - Shot Blocked by Gustav Forsling.
17:42 of 2nd period - Shot by Ryan Lomberg.
17:42 of 2nd period - Deflect By Aleksander Barkov.
17:42 of 2nd period - Shot Misses the Net.
17:44 of 2nd period - Shot by Aleksander Barkov.
17:44 of 2nd period - Stopped by Carey Price without a rebound.
17:45 of 2nd period - Jack Drury wins face-off versus Aleksander Barkov in CALGARY FIREMEN zone.
19:09 of 2nd period - Shot by Filip Forsberg.
19:09 of 2nd period - Stopped by Andrei Vasilevskiy without a rebound.
19:10 of 2nd period - Brett Howden wins face-off versus Nicolas Aube-Kubel in SACRAMENTO BANDITS zone.
19:41 of 2nd period - Shot by Carter Verhaeghe.
19:41 of 2nd period - Stopped by Carey Price with a rebound.
19:43 of 2nd period - Shot by Carter Verhaeghe.
19:43 of 2nd period - Shot Misses the Net.
19:45 of 2nd period - Shot by Niko Mikkola.
19:45 of 2nd period - Shot Misses the Net.
19:47 of 2nd period - Shot by Trevor van Riemsdyk.
19:47 of 2nd period - Stopped by Carey Price without a rebound.
19:48 of 2nd period - Phil Kessel wins face-off versus Ryan Johansen in CALGARY FIREMEN zone.
19:53 of 2nd period - Shot by Jonathan Huberdeau.
19:53 of 2nd period - Shot Hit the Post.
19:55 of 2nd period - Shot by Jonathan Huberdeau.
19:55 of 2nd period - Shot Misses the Net.
19:57 of 2nd period - Shot by Jonathan Huberdeau.
19:57 of 2nd period - Goal by Jonathan Huberdeau - SACRAMENTO BANDITS : 4 - CALGARY FIREMEN : 1.
19:58 of 2nd period - Aleksander Barkov wins face-off versus Adam Henrique in neutral zone.
Goals for this period are 2 for SACRAMENTO BANDITS vs 1 for CALGARY FIREMEN.
Shots for this period are 14 for SACRAMENTO BANDITS vs 10 for CALGARY FIREMEN.

3rd period


0:01 of 3rd period - Adam Henrique wins face-off versus Aleksander Barkov in neutral zone.
0:39 of 3rd period - Shot by Max Pacioretty.
0:39 of 3rd period - Stopped by Carey Price without a rebound.
0:40 of 3rd period - Ryan Johansen wins face-off versus Patrice Bergeron in CALGARY FIREMEN zone.
1:17 of 3rd period - Shot by Filip Forsberg.
1:17 of 3rd period - Shot Blocked by Mikhail Sergachev.
1:19 of 3rd period - Shot by Gustav Forsling.
1:19 of 3rd period - Stopped by Andrei Vasilevskiy without a rebound.
1:20 of 3rd period - Alexander DeBrincat wins face-off versus Jack Drury in SACRAMENTO BANDITS zone.
2:45 of 3rd period - Shot by Adam Henrique.
2:45 of 3rd period - Stopped by Andrei Vasilevskiy without a rebound.
2:46 of 3rd period - Patrice Bergeron wins face-off versus Ryan Johansen in SACRAMENTO BANDITS zone.
2:59 of 3rd period - Shot by Jonathan Huberdeau.
2:59 of 3rd period - Shot Misses the Net.
3:01 of 3rd period - Shot by Jonathan Huberdeau.
3:01 of 3rd period - Goal by Jonathan Huberdeau - SACRAMENTO BANDITS : 5 - CALGARY FIREMEN : 1.
3:01 of 3rd period - Vitek Vanecek enters game.
3:02 of 3rd period - Brett Howden wins face-off versus Nicolas Aube-Kubel in neutral zone.
3:23 of 3rd period - Shot by Carter Verhaeghe.
3:23 of 3rd period - Shot Misses the Net.
3:25 of 3rd period - Shot by Mikhail Sergachev.
3:25 of 3rd period - Shot Blocked by Oskar Lindblom.
3:27 of 3rd period - Shot by Colton Sissons.
3:27 of 3rd period - Stopped by Vitek Vanecek without a rebound.
3:28 of 3rd period - Ryan Johansen wins face-off versus Patrice Bergeron in CALGARY FIREMEN zone.
3:28 of 3rd period - Ryan Johansen is hit by Patrice Bergeron.
4:33 of 3rd period - Shot by Carter Verhaeghe.
4:33 of 3rd period - Stopped by Vitek Vanecek without a rebound.
4:34 of 3rd period - Aleksander Barkov wins face-off versus Mattias Janmark-Nylen in CALGARY FIREMEN zone.
4:47 of 3rd period - Shot by Aleksander Barkov.
4:47 of 3rd period - Stopped by Vitek Vanecek with a rebound.
5:35 of 3rd period - Icing by Sonny Milano.
5:36 of 3rd period - Nicolas Aube-Kubel wins face-off versus Adam Henrique in CALGARY FIREMEN zone.
6:17 of 3rd period - Shot by Carter Verhaeghe.
6:17 of 3rd period - Stopped by Vitek Vanecek with a rebound.
7:15 of 3rd period - Shot by John Carlson.
7:15 of 3rd period - Stopped by Vitek Vanecek with a rebound.
7:19 of 3rd period - Shot by Max Pacioretty.
7:19 of 3rd period - Stopped by Vitek Vanecek with a rebound.
7:21 of 3rd period - Shot by Brent Burns.
7:21 of 3rd period - Deflect By Alexander DeBrincat.
7:21 of 3rd period - Stopped by Vitek Vanecek without a rebound.
7:22 of 3rd period - Ryan Johansen wins face-off versus Aleksander Barkov in CALGARY FIREMEN zone.
8:49 of 3rd period - Icing by Marc-Edouard Vlasic.
8:50 of 3rd period - Jack Drury wins face-off versus Nicolas Aube-Kubel in CALGARY FIREMEN zone.
8:50 of 3rd period - Jack Drury is hit by Nicolas Aube-Kubel.
9:11 of 3rd period - Shot by Colton Sissons.
9:11 of 3rd period - Stopped by Vitek Vanecek without a rebound.
9:12 of 3rd period - Patrice Bergeron wins face-off versus Ryan Johansen in CALGARY FIREMEN zone.
9:26 of 3rd period - Patrice Bergeron is hit by Shayne Gostisbehere and loses puck.
9:33 of 3rd period - Shot by Jonathan Huberdeau.
9:33 of 3rd period - Shot Misses the Net.
9:35 of 3rd period - Shot by Zdeno Chara.
9:35 of 3rd period - Shot Misses the Net.
9:55 of 3rd period - Shot by Patrice Bergeron.
9:55 of 3rd period - Stopped by Vitek Vanecek without a rebound.
9:56 of 3rd period - Aleksander Barkov wins face-off versus Brett Howden in CALGARY FIREMEN zone.
10:27 of 3rd period - Off-side.
10:28 of 3rd period - Nicolas Aube-Kubel wins face-off versus Adam Henrique in neutral zone.
11:10 of 3rd period - Icing by Marc-Edouard Vlasic.
11:11 of 3rd period - Adam Henrique wins face-off versus Aleksander Barkov in CALGARY FIREMEN zone.
11:16 of 3rd period - Adam Henrique is hit by Max Pacioretty.
11:38 of 3rd period - Andreas Athanasiou is hit by Max Pacioretty and loses puck.
12:34 of 3rd period - Shot by Jakob Silfverberg.
12:34 of 3rd period - Stopped by Andrei Vasilevskiy without a rebound.
12:35 of 3rd period - Jack Drury wins face-off versus Carter Verhaeghe in SACRAMENTO BANDITS zone.
12:41 of 3rd period - Icing by Carter Verhaeghe.
12:42 of 3rd period - Jack Drury wins face-off versus Nicolas Aube-Kubel in SACRAMENTO BANDITS zone.
13:48 of 3rd period - Shot by Patrice Bergeron.
13:48 of 3rd period - Stopped by Vitek Vanecek without a rebound.
13:49 of 3rd period - Aleksander Barkov wins face-off versus Ryan Johansen in CALGARY FIREMEN zone.
14:07 of 3rd period - Icing by Shayne Gostisbehere.
14:08 of 3rd period - Patrice Bergeron wins face-off versus Ryan Johansen in CALGARY FIREMEN zone.
14:37 of 3rd period - Shot by Jakob Silfverberg.
14:37 of 3rd period - Stopped by Andrei Vasilevskiy without a rebound.
14:38 of 3rd period - Aleksander Barkov wins face-off versus Adam Henrique in SACRAMENTO BANDITS zone.
15:12 of 3rd period - Shot by Adam Henrique.
15:12 of 3rd period - Deflect By Andreas Athanasiou.
15:12 of 3rd period - Shot Misses the Net.
15:14 of 3rd period - Shot by Andreas Athanasiou.
15:14 of 3rd period - Goal by Andreas Athanasiou - SACRAMENTO BANDITS : 5 - CALGARY FIREMEN : 2.
15:15 of 3rd period - Patrice Bergeron wins face-off versus Filip Forsberg in neutral zone.
15:22 of 3rd period - Shot by Jonathan Huberdeau.
15:22 of 3rd period - Shot Hit the Post.
15:50 of 3rd period - Shot by Jonathan Huberdeau.
15:50 of 3rd period - Stopped by Vitek Vanecek without a rebound.
15:51 of 3rd period - Aleksander Barkov wins face-off versus Jack Drury in CALGARY FIREMEN zone.
15:58 of 3rd period - Shot by Alexander DeBrincat.
15:58 of 3rd period - Shot Misses the Net.
16:00 of 3rd period - Shot by Aleksander Barkov.
16:00 of 3rd period - Stopped by Vitek Vanecek without a rebound.
16:01 of 3rd period - Aleksander Barkov wins face-off versus Sonny Milano in CALGARY FIREMEN zone.
16:02 of 3rd period - Shot by Alexander DeBrincat.
16:02 of 3rd period - Stopped by Vitek Vanecek without a rebound.
16:03 of 3rd period - Ryan Johansen wins face-off versus Alexander DeBrincat in CALGARY FIREMEN zone.
16:03 of 3rd period - Ryan Johansen is hit by Max Pacioretty.
17:24 of 3rd period - Shot by Patrice Bergeron.
17:24 of 3rd period - Shot Misses the Net.
17:36 of 3rd period - Shot by Patrice Bergeron.
17:36 of 3rd period - Stopped by Vitek Vanecek without a rebound.
17:37 of 3rd period - Jack Drury wins face-off versus Nicolas Aube-Kubel in CALGARY FIREMEN zone.
17:46 of 3rd period - Shot by Jack Drury.
17:46 of 3rd period - Stopped by Andrei Vasilevskiy with a rebound.
17:48 of 3rd period - Shot by Justin Braun.
17:48 of 3rd period - Shot Misses the Net.
18:06 of 3rd period - Shot by Sam Gagner.
18:06 of 3rd period - Shot Blocked by Trevor van Riemsdyk.
18:08 of 3rd period - Shot by Justin Braun.
18:08 of 3rd period - Deflect By Sam Gagner.
18:08 of 3rd period - Shot Misses the Net.
18:10 of 3rd period - Shot by Marc-Edouard Vlasic.
18:10 of 3rd period - Stopped by Andrei Vasilevskiy without a rebound.
18:11 of 3rd period - Aleksander Barkov wins face-off versus Sonny Milano in SACRAMENTO BANDITS zone.
18:27 of 3rd period - Max Pacioretty is hit by Jake McCabe and loses puck.
18:40 of 3rd period - Shot by Aleksander Barkov.
18:40 of 3rd period - Stopped by Vitek Vanecek without a rebound.
18:41 of 3rd period - Ryan Johansen wins face-off versus Patrice Bergeron in CALGARY FIREMEN zone.
18:41 of 3rd period - Ryan Johansen is hit by Phil Kessel.
19:11 of 3rd period - Shot by Patrice Bergeron.
19:11 of 3rd period - Shot Misses the Net.
19:13 of 3rd period - Shot by Mikhail Sergachev.
19:13 of 3rd period - Stopped by Vitek Vanecek without a rebound.
19:14 of 3rd period - Adam Henrique wins face-off versus Aleksander Barkov in CALGARY FIREMEN zone.
19:16 of 3rd period - Icing by Andreas Athanasiou.
19:17 of 3rd period - Aleksander Barkov wins face-off versus Adam Henrique in CALGARY FIREMEN zone.
19:38 of 3rd period - Shot by Alexander DeBrincat.
19:38 of 3rd period - Stopped by Vitek Vanecek with a rebound.
Goals for this period are 1 for SACRAMENTO BANDITS vs 1 for CALGARY FIREMEN.
Shots for this period are 19 for SACRAMENTO BANDITS vs 7 for CALGARY FIREMEN.


JOHNNY
GAUDREAU
MATTHEW
BOLDY
OWEN
TIPPETT

EAST COAST

HOCKEY LEAGUE

  • 29.PIT6MAN7
  • 30.ATL6NHW2
  • 31.WOR4PET3
  • 32.3RHI4
  • 33.CHIQUE
  • 34.LIMCHA
  • 35.LONTRV
  • 36.BALCHW